 Dungeon Crawl Stone Soup version 0.31-a0-222-gefeffbb62a (webtiles) character file.

Game seed: 8809246016464094885

138 qw the Shooter (level 5, 0/45 HPs)
             Began as a Minotaur Hexslinger on July 5, 2023.
             Slain by an orc
             ... wielding a +0 war axe
              (4 damage)
             ... on level 3 of the Dungeon.
             The game lasted 00:00:53 (2331 turns).

qw the Shooter (Minotaur Hexslinger)                Turns: 2331, Time: 00:00:54

Health: 0/45       AC:  7    Str: 12    XL:     5   Next: 1%
Magic:  5/5        EV: 11    Int: 12    God:
Gold:   89         SH:  0    Dex: 15    Spells: 5/6 levels left

rFire   . . .        Y - +1 sling
rCold   . . .        (no shield)
rNeg    . . .        a - +0 ring mail
rPois   +            (helmet restricted)
rElec   .            (no cloak)
rCorr   .            k - +1 pair of gloves of the Swamp {rPois Int+2}
SInv    +            (no boots)
Will    .....        (no amulet) Stlth
                     b - ring of see invisible
HPRegen 0.27/turn    (no ring)
MPRegen 0.09/turn

%: no passive effects
@: confused
A: horns 2, retaliatory headbutt
a: no special abilities


You were on level 3 of the Dungeon.
You visited 1 branch of the dungeon, and saw 4 of its levels.

You collected 109 gold pieces.
You spent 20 gold pieces at shops.


Innate Abilities, Weirdness & Mutations

You have a pair of horns on your head.
You reflexively headbutt those who attack you in melee.


   Skills:
 - Level 3.0 Fighting
 - Level 5.1 Ranged Weapons
 + Level 0.2 Armour
 - Level 2.1 Dodging
 - Level 1.0 Spellcasting
 - Level 2.0 Hexes


You had 5 spell levels left.
You knew the following spells:

 Your Spells              Type           Power      Damage    Failure   Level
a - Slow                  Hex            20%        N/A       30%         1

Your spell library contained the following spells:

 Spells                   Type           Power      Damage    Failure   Level
 Inner Flame              Hex/Fire       3%         N/A       80%         3
 Portal Projectile        Hex/Tloc       6%         N/A       80%         3
 Cause Fear               Hex            2%         N/A       96%         4

Inventory:

Hand Weapons
 Y - a +1 sling (weapon)
Armour
 a - a +0 ring mail (worn)
 k - the +1 pair of gloves of the Swamp (worn) {rPois Int+2}
   (You found it on level 2 of the Dungeon)

   Int:       It affects your intelligence (+2).
   rPois:     It protects you from poison.
Jewellery
 b - a ring of see invisible (left hand)
Scrolls
 h - 2 scrolls of teleportation
Potions
 c - a potion of haste {unknown}
 d - a potion of enlightenment
 e - a potion of heal wounds {unknown}

Dungeon Overview and Level Annotations

Branches:
Dungeon (4/15)
 Temple: D:4-7

Altars:
Qazlal

Shops:
D:1 [


Message History

You shoot a sling bullet.
The sling bullet closely misses the orc wizard.
The sling bullet completely misses the ufetubus.
The orc barely misses you.
The orc wizard hits you with a +2 dagger of protection.
You shoot a sling bullet.
The sling bullet hits the orc wizard but does no damage.
The orc wizard completely misses you. You furiously retaliate!
You headbutt the orc wizard! The orc hits you but does no damage.
You shoot a sling bullet.
The sling bullet hits the orc wizard but does no damage.
The orc wizard is heavily wounded.
You feel your willpower return. The orc wizard closely misses you.
The orc hits you with a +0 war axe.
The orc wizard hits you with a +2 dagger of protection.
The orc barely misses you.
You shoot a sling bullet. The sling bullet hits the orc wizard.
The orc wizard is heavily wounded.
The orc wizard gestures at you while chanting.
You are confused.
The orc hits you with a +0 war axe.
The orc wizard points at you and mumbles some strange words.
You are more confused.
The orc hits you but does no damage.
The orc wizard hits you with a +2 dagger of protection.
The orc hits you with a +0 war axe. The orc wizard closely misses you.
The orc closely misses you. The orc hits you but does no damage.
The orc wizard hits you with a +2 dagger of protection.
The orc wizard closely misses you. The orc closely misses you.
The orc wizard closely misses you. The orc hits you with a +0 war axe.
The orc wizard casts a spell at you. You resist with some effort.
The orc hits you with a +0 war axe. The orc closely misses you.
The orc wizard hits you with a +2 dagger of protection.
The orc wizard barely misses you. The orc hits you with a +0 war axe!
The orc wizard casts a spell at you.
You are more confused.
The orc hits you with a +0 war axe.
You die... #.........# #.###.###.# #.#0....#.# #.#.....#.# # #...._....############## ###.....#..........:.... #ยค...0#.############## ###.##### #... #.#@# ##### #.## #goo#

#...###.# ###5#
#.......# ###.#
####...###### ###
#...####...........#
##.##
#.###........###...#
#...######
#.#......##..###...#
.........#
#.#.#.##.##.........
#...####.#
#.#.#.#.............


You could see an orc wizard (invisible), an orc, an ufetubus and a goblin.

Vanquished Creatures
  A jelly (D:3)
  Terence (D:3)
  2 adders
  A gnoll (D:1)
  A worm (D:3)
  A dart slug (D:2)
  2 orcs
  4 ball pythons
  5 bats
  8 endoplasms
  A giant cockroach (D:1)
  6 goblins
  6 hobgoblins
  2 quokkas
  A frilled lizard (D:2)
  3 kobolds
  4 rats
49 creatures vanquished.

Notes
Turn   | Place    | Note
-------+----------+-------------------------------------------
     0 | D:1      | qw the Minotaur Hexslinger began the quest for the Orb.
     0 | D:1      | Reached XP level 1. HP: 16/16 MP: 1/1
     0 | D:1      | 0 ||| qw: Version: 0.3-a-46-gb1f654a
     0 | D:1      | 0 ||| qw: Game counter: 992
     0 | D:1      | 0 ||| qw: Melee chars always use a shield: true
     0 | D:1      | 0 ||| qw: God list: Okawaru
     0 | D:1      | 0 ||| qw: Allow faded altars: false
     0 | D:1      | 0 ||| qw: Do Orc after clearing Dungeon:15 true
     0 | D:1      | 0 ||| qw: Do second Lair branch before Depths: true
     0 | D:1      | 0 ||| qw: Lair rune preference: random
     0 | D:1      | 0 ||| qw: Goals: Normal
     0 | D:1      | 0 ||| PLANNING D:1-11
    22 | D:1      | Reached skill level 3 in Ranged Weapons
    22 | D:1      | Reached XP level 2. HP: 23/23 MP: 2/2
   559 | D:1      | Found Uxkiet's Armour Boutique.
   566 | D:1      | 566 ||| BUYING +0 leather armour (20 gold).
   566 | D:1      | Bought a +0 leather armour for 20 gold pieces
   566 | D:1      | 566 ||| SHOPLISTING +0 pair of boots of stealth (115 gold,
                  | have 39).
   566 | D:1      | 566 ||| SHOPLISTING +0 pair of gloves (45 gold, have 39).
   566 | D:1      | 566 ||| SHOPLISTING +0 ring mail (40 gold, have 39).
   566 | D:1      | 566 ||| SHOPLISTING +1 leather armour "Nuijirchi" {Int+5
                  | Dex+2} (287 gold, have 39).
   566 | D:1      | 566 ||| SHOPLISTING +2 robe of willpower (177 gold, have
                  | 39).
   643 | D:1      | 643 ||| UPGRADING to +0 leather armour.
   653 | D:1      | 653 ||| DROPPING +0 robe.
   654 | D:1      | 654 ||| DRINKING 2 fuming grey potions.
   655 | D:1      | 655 ||| DROPPING scroll of poison.
   718 | D:2      | Reached XP level 3. HP: 29/29 MP: 3/3
   909 | D:2      | Reached skill level 4 in Ranged Weapons
  1094 | D:2      | Identified the +1 pair of gloves of the Swamp {rPois Int+2}
  1157 | D:2      | Found a faded altar of an unknown god.
  1282 | D:2      | 1282 ||| Stepping ~*~*~tactically~*~*~ (outnumbered).
  1284 | D:2      | 1284 ||| Stepping ~*~*~tactically~*~*~ (outnumbered).
  1421 | D:2      | 1421 ||| UPGRADING to +1 pair of gloves of the Swamp {rPois
                  | Int+2}.
  1426 | D:2      | 1426 ||| DROPPING ring of flight.
  1427 | D:2      | 1427 ||| READING scroll labelled SORADI NOTWOU.
  1479 | D:2      | 1479 ||| READING 2 scrolls labelled BAAFYU ROKEME.
  1482 | D:2      | 1482 ||| READING scroll labelled FIETUN SENLEPT.
  1483 | D:2      | 1483 ||| READING scroll labelled XUEHOD HOUPERI.
  1484 | D:2      | 1484 ||| READING scroll labelled SUURCH QESSUE.
  1510 | D:3      | Noticed Terence
  1522 | D:3      | Killed Terence
  1523 | D:3      | Reached XP level 4. HP: 22/36 MP: 4/4
  1543 | D:3      | 1543 ||| FLEEEEING.
  1546 | D:3      | 1546 ||| STAIRDANCE
  1862 | D:3      | Reached skill level 5 in Ranged Weapons
  1894 | D:3      | Found a stormy altar of Qazlal.
  1990 | D:3      | Reached skill level 3 in Fighting
  2265 | D:3      | 2265 ||| UPGRADING to +0 ring mail.
  2275 | D:3      | 2275 ||| DROPPING +0 leather armour.
  2276 | D:3      | 2276 ||| UPGRADING to ring of see invisible.
  2277 | D:3      | 2277 ||| READING scroll labelled LAJUILATUE.
  2278 | D:3      | 2278 ||| READING scroll labelled KASOSMU JEWU.
  2307 | D:4      | Noticed Natasha
  2315 | D:4      | Reached XP level 5. HP: 42/45 MP: 5/5
  2316 | D:4      | 2316 ||| STAIRDANCE
  2329 | D:3      | HP: 10/45 [orc wizard/+2 dagger of protection (2)]
  2330 | D:3      | HP: 3/45 [orc/+0 war axe (7)]
  2331 | D:3      | Slain by an orc

Levels and vault maps discovered:
D:1:      dpeg_arrival_stone_temple_mockup, layout_loops_ring, serial_shops,
          nicolae_shop_temple_entry_statues_fountains, chequers_avenue,
          due_unseen_surprise
D:2:      cheibrodos_old_hovel, layout_basic,
          dilly_ecumenical_altar_fadedgnrine, minmay_small_reverse_x
D:3:      layout_loops_ring, grunt_qazlal_clouds, uniq_terence
D:4:      layout_cave_pools, gammafunk_ghost_stat_death,
          chequers_serial_rivers_large_b, grunt_ministairs_9, uniq_natasha

Skill      XL: |  1  2  3  4 |
---------------+-------------+-----
Ranged Weapons | 3 4 5 |  5.1
Fighting       | 2 3 |  3.0
Armour         | |  0.2
Dodging        | |  2.1
Spellcasting   | |  1.0
Hexes          | |  2.0

Action                     |  1- 3 |  4- 6 || total
---------------------------+-------+-------++-------
   Fire: Sling             |   109 |    48 ||   157
    Use: Potion            |     1 |       ||     1
         Scroll            |     5 |     2 ||     7
 Armour: Robe              |     3 |       ||     3
         Leather armour    |     5 |     2 ||     7
         Ring mail         |       |    12 ||    12
  Dodge: Dodged            |    26 |    33 ||    59

Table legend:
 A = Non-vault XP
 B = Vault XP
 C = Vault XP percentage of total XP
 D = Non-vault monster count
 E = Vault monster count
 F = Vault count percentage of total count
                 A         B        C        D         E       F
            +---------+---------+-------+---------+---------+-------
      Total |     147 |      51 |  25.8 |      43 |       6 |  12.2
            +---------+---------+-------+---------+---------+-------
        D:1 |      38 |       0 |   0.0 |      15 |       0 |   0.0
        D:2 |      29 |      19 |  39.6 |      15 |       5 |  25.0
        D:3 |      75 |      32 |  29.9 |      11 |       1 |   8.3
        D:4 |       5 |       0 |   0.0 |       2 |       0 |   0.0
            +---------+---------+-------+---------+---------+-------
